 Dungeon Crawl Stone Soup version 0.28.0-53-g5a82cb258f (webtiles) character file.

Game seed: 5456438244213319422

390 Zeld the Ogre Mage (level 6, -9/79 HPs)
             Began as an Ogre Fire Elementalist on June 6, 2022.
             Killed from afar by a steam dragon (13 damage)
             ... with a ball of steam
             ... on level 5 of the Dungeon.
             The game lasted 00:05:35 (6701 turns).

Zeld the Ogre Mage (Ogre Fire Elementalist)         Turns: 6701, Time: 00:05:35

Health: -9/79      AC: 10    Str: 13    XL:     6   Next: 80%
Magic:  1/12       EV: 10    Int: 18    God:
Gold:   281        SH:  0    Dex:  9    Spells: 0/13 levels left

rFire   . . .      SeeInvis +   a - +9 scimitar "Lopes" {protect, rN+ SInv}
rCold   . . .      Faith    .   (no shield)
rNeg    + . .      Spirit   .   h - +0 robe
rPois   .          Reflect  .   (helmet restricted)
rElec   .          Harm     .   (no cloak)
rCorr   .          Rampage  .   (gloves unavailable)
Will    .....                   (boots unavailable)
Stlth   ..........              (no amulet)
HPRegen 0.23/turn               (no ring)
MPRegen 0.13/turn               (no ring)

@: berserking, under a protective aura, very quick
A: large, unfitting armour, tough skin 1
a: no special abilities


You were on level 5 of the Dungeon.
You visited 1 branch of the dungeon, and saw 5 of its levels.

You collected 281 gold pieces.

Inventory:

Hand Weapons
 a - the +9 scimitar "Lopes" (weapon) {protect, rN+ SInv}
   (You found it on level 4 of the Dungeon)

   It grants its wielder temporary protection when it strikes (+7 to AC).
   rN:        It protects you from negative energy.
   SInv:      It lets you see invisible.
Armour
 h - a +0 robe (worn)
Wands
 p - a wand of charming (8)
Scrolls
 d - 2 scrolls of enchant weapon {unknown}
 e - a scroll of holy word {unknown}
 f - a scroll of immolation {unknown}
 j - a scroll of amnesia {unknown}
 l - a scroll of noise {unknown}
 m - a scroll of vulnerability {unknown}
Potions
 b - 2 potions of curing {unknown}
 c - a potion of heal wounds {unknown}
 g - a potion of mutation {unknown}
 i - a potion of berserk rage
 k - a potion of invisibility {unknown}
 n - a potion of brilliance {unknown}
 o - a potion of resistance {unknown}
 q - 2 potions of lignification {unknown}


   Skills:
 + Level 2.8 Dodging
 - Level 1.4 Stealth
 * Level 4.4 Spellcasting
 + Level 2.2 Conjurations
 + Level 0.1 Hexes
 * Level 4.1 Fire Magic
 + Level 1.4 Air Magic
 + Level 1.5 Poison Magic


You couldn't memorise any spells.
You knew the following spells:

 Your Spells              Type           Power      Damage    Failure   Level
a - Foxfire               Conj/Fire      60%        2x1d7     3%          1
b - Scorch                Fire           36%        2d7       3%          2
c - Inner Flame           Hex/Fire       11%        N/A       19%         3
d - Flame Wave            Conj/Fire      15%        2d6       36%         4
q - Mephitic Cloud        Conj/Pois/Air  10%        N/A       21%         3

Your spell library contained the following spells:

 Spells                   Type           Power      Damage    Failure   Level
 Magic Dart               Conj           48%        1d5       5%          1
 Conjure Flame            Conj/Fire      15%        6-21      12%         3
 Call Imp                 Summ           4%         N/A       22%         2
 Ensorcelled Hibernation  Hex/Ice        8%         N/A       22%         2
 Passwall                 Tmut/Erth      3%         N/A       22%         2
 Swiftness                Air            9%         N/A       22%         3


Dungeon Overview and Level Annotations

Branches:
Dungeon (5/15)
 Temple: D:4-7

Altars:
Ashenzari
Okawaru
Qazlal
The Shining One

Shops:
D:4 (


Innate Abilities, Weirdness & Mutations

You are too large for most types of armour.
You have tough skin. (AC +1)


Message History

The centaur hits you.
* * * LOW HITPOINT WARNING * * *
The centaur kicks you.
* * * LOW HITPOINT WARNING * * *
The centaur hits you.
* * * LOW HITPOINT WARNING * * *
The centaur kicks you but does no damage.
Casting: Scorch (safe; 3% risk of failure)
Confirm with . or Enter, or press ? or * to list all spells.
You don't have enough magic to cast this spell.
Unknown command.
Okay, then.
Okay, then.
It was a potion of berserk rage.
A red film seems to cover your vision as you go berserk!
You feel yourself moving faster!
You feel mighty! The centaur hits you.
* * * LOW HITPOINT WARNING * * *
The centaur kicks you.
* * * LOW HITPOINT WARNING * * *
You completely miss the centaur.
The centaur is moderately wounded.
The centaur hits you.
* * * LOW HITPOINT WARNING * * *
The centaur kicks you.
* * * LOW HITPOINT WARNING * * *
The centaur hits you but does no damage.
The centaur kicks you.
* * * LOW HITPOINT WARNING * * *
You slash the centaur!
Your weapon exudes an aura of protection.
The centaur is almost dead.
The steam dragon is no longer more vulnerable to fire.
The centaur completely misses you.
The centaur kicks you but does no damage.
Unknown command.
You slice the centaur!!
You kill the centaur!
The steam dragon breathes steam at you. The ball of steam hits you!
You die...

## . ##.#....#
#..#....#
#.##.)..#
#.##....#
#.##....#
#.##....#
#@##....#
#.§D....#
#######)#######
.c.............
..............D
#.#####.#...###
#.....#...#
#.#(..#...#
#.#.......#


You could see a steam dragon (catching breath).

Vanquished Creatures
  A necrophage (D:4)
  A centaur (D:5)
  A scorpion (D:4)
  A bullfrog skeleton (D:5)
  Jessica (D:2)
  Ijyb (D:4)
  A gnoll (D:2)
  3 adders
  An ufetubus (D:4)
  An adder skeleton (D:4)
  2 worms (D:4)
  A dart slug (D:3)
  2 orcs
  7 bats
  11 endoplasms
  6 giant cockroaches
  9 goblins
  12 hobgoblins
  6 jackals
  A quokka (D:4)
  3 training dummies (D:4)
  8 ball pythons
  7 frilled lizards
  9 kobolds
  10 rats
106 creatures vanquished.

Vanquished Creatures (collateral kills)
  A foxfire (D:1)
1 creature vanquished.

Vanquished Creatures (others)
  37 foxfires (D:1)
  6 plants (D:1)
43 creatures vanquished.

Grand Total: 150 creatures vanquished

Notes
Turn   | Place    | Note
-------+----------+-------------------------------------------
     0 | D:1      | Zeld the Ogre Fire Elementalist began the quest for the
                  | Orb.
     0 | D:1      | Reached XP level 1. HP: 16/16 MP: 3/3
   460 | D:1      | Reached skill level 1 in Conjurations
   580 | D:1      | Found a faded altar of an unknown god.
   636 | D:1      | Reached XP level 2. HP: 24/24 MP: 0/5
   639 | D:1      | Learned a level 2 spell: Scorch
  1871 | D:1      | Reached XP level 3. HP: 31/31 MP: 4/7
  1899 | D:1      | Learned a level 3 spell: Mephitic Cloud
  3282 | D:2      | Noticed Jessica
  3286 | D:2      | Killed Jessica
  3287 | D:2      | Reached XP level 4. HP: 39/39 MP: 1/9
  3292 | D:2      | Learned a level 3 spell: Inner Flame
  4378 | D:3      | Reached XP level 5. HP: 45/45 MP: 10/10
  5099 | D:4      | Identified the +9 scimitar "Lopes" {protect, rN+ SInv}
  5188 | D:4      | Found a glowing golden altar of the Shining One.
  5364 | D:4      | Found a broken altar of Ashenzari.
  5671 | D:4      | Found a stormy altar of Qazlal.
  5713 | D:4      | Found Femodgh's Firing Range.
  5823 | D:4      | Reached skill level 1 in Air Magic
  5823 | D:4      | Reached skill level 1 in Poison Magic
  5906 | D:4      | Found an iron altar of Okawaru.
  6028 | D:4      | Noticed Ijyb
  6043 | D:4      | Killed Ijyb
  6214 | D:4      | Reached XP level 6. HP: 44/53 MP: 2/12
  6219 | D:4      | Learned a level 4 spell: Flame Wave
  6305 | D:4      | Noticed a necrophage
  6310 | D:4      | Killed a necrophage
  6651 | D:5      | Entered Level 5 of the Dungeon
  6682 | D:5      | Noticed a steam dragon
  6699 | D:5      | HP: 3/79 [centaur (1)]
  6701 | D:5      | Killed from afar by a steam dragon

Illustrated notes

Levels and vault maps discovered:
D:1:      amcnicky_arrival_flooded_fountain, layout_basic,
          shapermc_ecumenical_altar_pompeii, lexackson_kobold_supper
D:2:      wad_crossroads, layout_basic, uniq_jessica
D:3:      layout_basic
D:4:      cheibrodos_greedy_goblins, layout_loops_ring, kennysheep_little_box,
          overflow_temple_1_default, lemuel_crystal_altar,
          mainiacjoe_overflow_paths, serial_rivers,
          chequers_serial_rivers_small_3, chequers_serial_rivers_large_b,
          chequers_serial_rivers_small_3, chequers_serial_rivers_small_a,
          chequers_serial_rivers_room_a, nicolae_shop_firing_range, uniq_ijyb
D:5:      layout_basic, minmay_temple_entry_junction

Skill      XL: |  1  2  3  4  5  6 |
---------------+-------------------+-----
Conjurations   | 1 2 |  2.2
Fire Magic     | 3 4 |  4.1
Dodging        | 2 |  2.8
Spellcasting   | 3 4 |  4.4
Air Magic      | 1 |  1.4
Poison Magic   | 1 |  1.5
Stealth        | |  1.4
Hexes          | |  0.1

Action                   |  1- 3 |  4- 6 || total
-------------------------+-------+-------++-------
Melee: Unarmed           |    69 |       ||    69
       Short sword       |    34 |    71 ||   105
       Punch             |     1 |       ||     1
       Scimitar          |       |    21 ||    21
 Cast: Foxfire           |    37 |       ||    37
       Scorch            |    22 |    45 ||    67
       Mephitic Cloud    |     1 |       ||     1
  Use: Potion            |       |     1 ||     1
 Stab: Sleeping          |       |     5 ||     5
Armor: Robe              |    72 |    34 ||   106
Dodge: Dodged            |   118 |    63 ||   181
